 Dungeon Crawl Stone Soup version 0.17.0-7-gfadd4cc (webtiles) character file.

1117 kosy22 the Ducker (level 8, 0/76 HPs)
             Began as a Troll Fighter on Nov 8, 2015.
             Was an Initiate of Nemelex Xobeh.
             Killed from afar by an orc wizard (6 damage)
             ... with a puff of flame
             ... on level 5 of the Dungeon.
             The game lasted 00:14:39 (4262 turns).

kosy22 the Ducker (Troll Fighter)                   Turns: 4262, Time: 00:14:39

Health: 0/76       AC: 11    Str: 27      XL:     8   Next: 12%
Magic:  7/7        EV: 15    Int:  4      God:    Nemelex Xobeh [......]
Gold:   190        SH:  0    Dex: 10 (14) Spells: 0 memorised, 7 levels left

rFire  . . .     SeeInvis .     f - +2 flail (protect)
rCold  . . .     Clarity  .     a - +0 robe
rNeg   . . .     SustAt   .     b - +0 shield
rPois  .         Gourm    +     (helmet restricted)
rElec  .         Spirit   .     d - +0 cloak
rCorr  .         Warding  .     (gloves unavailable)
rMut   .         Stasis   .     (boots unavailable)
MR     .....                    (no amulet)
Stlth  +++.......               (no ring)
                                i - ring of stealth

@: confused, agile, very slightly contaminated, invisible, not resistant to
hostile enchantments, fairly stealthy
A: unfitting armour, claws 3, fast metabolism 3, gourmand, regeneration 2,
shaggy fur 1, tough skin 2
a: Renounce Religion


You were on level 5 of the Dungeon.
You worshipped Nemelex Xobeh.
Nemelex Xobeh was noncommittal.
You were not hungry.

You visited 2 branches of the dungeon, and saw 6 of its levels.

You collected 229 gold pieces.
You spent 39 gold pieces at shops.

Inventory:

Hand Weapons
 f - a +2 flail of protection (weapon)
Armour
 a - a +0 robe (worn)
 b - a +0 shield (worn)
 d - a +0 cloak (worn)
Jewellery
 e - a cursed ring of teleportation {unknown}
 i - a ring of stealth (left claw)
 t - an uncursed ring of magical power {unknown}
Wands
 l - a wand of digging (10)
Scrolls
 g - 6 scrolls of amnesia
 k - a scroll of recharging
 m - a scroll of remove curse
 q - 2 scrolls of identify
Potions
 c - 2 potions of might
 h - a potion of cancellation {unknown}
 j - a potion of degeneration
 p - a potion of haste {unknown}
Miscellaneous
 s - a plain deck of war
Comestibles
 u - a slice of pizza


   Skills:
 + Level 3.6 Fighting
 + Level 1.7 Maces & Flails
 + Level 6.5 Dodging
 + Level 0.5 Stealth
 + Level 3.8 Shields
 + Level 3.2 Unarmed Combat
 + Level 0.2 Evocations


You had 7 spell levels left.
You didn't know any spells.

Dungeon Overview and Level Annotations

Branches:
Dungeon (5/15)             Temple (1/1) D:4

Altars:
Cheibriados
Dithmenos
Elyvilon
Gozag
Kikubaaqudgha
Makhleb
Nemelex Xobeh
Okawaru
Qazlal
Sif Muna
Xom
Yredelemnul
Zin
The Shining One

Shops:
D:4 ?   D:5 ?


Innate Abilities, Weirdness & Mutations

You are too large for most types of armour.
You have claws for hands.
Your metabolism is lightning-fast.
You like to eat raw meat.
You heal very quickly.
You are covered in fur (AC +1).
You have very tough skin (AC +2).


Message History

You hit the jackal.
You kill the jackal!
The orc priest looks braver for a moment.
You miss something. Something hits you.
* * * LOW HITPOINT WARNING * * *
The orc priest invokes the aid of Beogh against you.
Something smites you!
* * * LOW HITPOINT WARNING * * *
The orc priest invokes the aid of Beogh against you.
Something smites you!
* * * LOW HITPOINT WARNING * * *
Drink which item? (? for menu, Esc to quit)
You fade into invisibility!
Something hits you but does no damage.
You are very lightly contaminated with residual magic.
You are confused.
A puff of flame appears from out of thin air!
The puff of flame hits you!
You die...
Your body disappears without a glow.

#.....o..........#....
#.../.o.....#...###...
#...........###...§..#
#.....{.#.### #..###(.
#.......#.# #5 ###
#.......#†# # # #
#####.###.# .# ## #.#
#.# .# #. #@# #.###.#
###. #.#
#.>...#####... #.#
#..#####.....#
#.###†.## #..#..##
#.......###.##.##
###..........#.#
##..######....#
##...## ##..#####
##.....## #........


You could see an orc priest.

Vanquished Creatures
  Pikel (D:4)
  Sigmund (D:4)
  Eustachio (D:4)
  Blork the orc (D:4)
  A scorpion (D:4)
  2 hounds
  A giant frog zombie (D:5)
  2 worker ants
  4 adders
  An ooze (D:3)
  2 worms
  3 giant geckos
  An orc (D:4)
  6 bats
  12 hobgoblins
  9 kobolds
  2 quokkas (D:5)
  2 ball pythons
  A giant cockroach (D:3)
  A giant newt (D:3)
  6 goblins
  6 jackals
  A quokka skeleton (D:4)
  7 rats
74 creatures vanquished.

Notes
Turn   | Place    | Note
--------------------------------------------------------------
     0 | D:1      | kosy22 the Troll Fighter began the quest for the Orb.
     0 | D:1      | Reached XP level 1. HP: 22/22 MP: 0/0
   257 | D:1      | Reached XP level 2. HP: 29/29 MP: 1/1
   997 | D:2      | Found a faded altar to an unknown god.
  1003 | D:2      | Reached XP level 3. HP: 28/36 MP: 2/2
  1328 | D:2      | Found a glowing silver altar of Zin.
  1534 | D:3      | Reached skill level 3 in Dodging
  1667 | D:3      | Reached XP level 4. HP: 41/44 MP: 3/3
  1946 | D:3      | Found an opulent altar of Gozag.
  2320 | D:4      | Found a white marble altar of Elyvilon.
  2324 | D:4      | Noticed Eustachio
  2362 | D:4      | Killed Eustachio
  2362 | D:4      | Reached skill level 4 in Dodging
  2362 | D:4      | Reached XP level 5. HP: 50/52 MP: 4/4
  2390 | D:4      | Found Feumm's Magic Scroll Shop.
  2394 | D:4      | Bought a scroll of teleportation for 39 gold pieces
  2577 | D:4      | Noticed Blork the orc
  2596 | D:4      | HP: 1/52 [something (3)]
  2808 | D:4      | Found a glowing golden altar of the Shining One.
  2879 | D:4      | Found a staircase to the Ecumenical Temple.
  2946 | D:4      | Killed Blork the orc
  2946 | D:4      | Reached XP level 6. HP: 31/59 MP: 5/5
  3201 | D:4      | Noticed Sigmund
  3233 | D:4      | Killed Sigmund
  3233 | D:4      | Reached skill level 5 in Dodging
  3306 | D:4      | Noticed a slave
  3306 | D:4      | Noticed a slave
  3307 | D:4      | Noticed Pikel
  3307 | D:4      | Noticed a slave
  3309 | D:4      | Noticed a slave
  3329 | D:4      | Killed Pikel
  3329 | D:4      | Reached skill level 1 in Maces & Flails
  3329 | D:4      | Reached skill level 6 in Dodging
  3329 | D:4      | Reached XP level 7. HP: 31/67 MP: 6/6
  3818 | D:4      | Reached XP level 8. HP: 72/75 MP: 7/7
  3837 | Temple   | Entered the Ecumenical Temple
  3904 | Temple   | Became a worshipper of Nemelex Xobeh the Trickster
  3960 | Temple   | Received a gift from Nemelex Xobeh
  4046 | D:5      | Entered Level 5 of the Dungeon
  4225 | D:5      | Found Qyex's Magic Scroll Boutique.
  4253 | D:5      | HP: 1/76 [orc priest/divine providence (12)]
  4262 | D:5      | Killed from afar by an orc wizard

Action                   |  1- 3 |  4- 6 |  7- 9 || total
-------------------------+-------+-------+-------++-------
Melee: Unarmed           |   115 |   104 |       ||   219
       Flail             |       |    50 |    84 ||   134
Evoke: Wand              |     3 |       |     1 ||     4
  Use: Scroll            |     7 |     4 |       ||    11
       Potion            |       |     6 |     4 ||    10
  Eat: Chunk             |     9 |     5 |       ||    14
       Bread ration      |     2 |       |     1 ||     3
       Pizza             |       |     1 |       ||     1
       Meat ration       |       |     1 |       ||     1
       Beef jerky        |       |       |     2 ||     2
